 Dungeon Crawl Stone Soup version 0.30-a0-778-g2ef04afb54 (webtiles) character file.

Game seed: 9234784172713530271

71 kingofthe the Conjurer (level 4, -1/27 HPs)
             Began as an Octopode Conjurer on Feb 15, 2023.
             Slain by an iguana (5 damage)
             ... on level 3 of the Dungeon.
             The game lasted 00:05:48 (2477 turns).

kingofthe the Conjurer (Octopode Conjurer)          Turns: 2477, Time: 00:05:48

Health: -1/27      AC:  1    Str:  6    XL:     4   Next: 24%
Magic:  0/9        EV: 13    Int: 20    God:
Gold:   113        SH:  0    Dex: 12    Spells: 6/9 levels left

rFire   . . .      SeeInvis .    a - +1 short sword (elec)
rCold   . . .      Faith    .    (no shield)
rNeg    . . .      Spirit   .    (helmet restricted)
rPois   .          Reflect  .    (no amulet)
rElec   .          Harm     .    (no ring)
rCorr   .          Rampage  .    (no ring)
Will    .....                    (no ring)
Stlth   +++                      (no ring)
HPRegen 0.24/turn                (no ring)
MPRegen 0.11/turn                (no ring)
                                 (no ring)
                                 (no ring)

@: no status effects
A: almost no armour, amphibious, 8 rings, camouflage 1, gelatinous body 1,
(nimble swimmer 1), tentacles
a: no special abilities


You were on level 3 of the Dungeon.
You visited 1 branch of the dungeon, and saw 3 of its levels.

You collected 113 gold pieces.

Inventory:

Hand Weapons
 a - a +1 short sword of electrocution (weapon)
 b - a +0 whip of venom
Armour
 p - a +0 kite shield
Scrolls
 c - a scroll of poison {unknown}
 e - 3 scrolls of identify {unknown}
 i - a scroll of amnesia {unknown}
 k - a scroll of torment {unknown}
 l - 2 scrolls of vulnerability {unknown}
 m - 2 scrolls of fear {unknown}
 r - a scroll of fog {unknown}
Potions
 d - a potion of brilliance {unknown}
 f - a potion of magic
 g - a potion of heal wounds {unknown}
 h - a potion of mutation {unknown}
 j - a potion of degeneration {unknown}
 n - a potion of haste {unknown}
 o - a potion of curing {unknown}
 q - a potion of might {unknown}


   Skills:
 * Level 2.6 Dodging
 + Level 3.2 Stealth
 * Level 3.3 Spellcasting
 + Level 4.2 Conjurations


You had 6 spell levels left.
You knew the following spells:

 Your Spells              Type           Power      Damage    Failure   Level
a - Magic Dart            Conj           80%        1d7       2%          1
b - Searing Ray           Conj           40%        2d5       3%          2

Your spell library contained the following spells:

 Spells                   Type           Power      Damage    Failure   Level
 Dazzling Flash           Conj/Hex       22%        N/A       17%         3
 Fulminant Prism          Conj/Hex       5%         3d6       50%         4
 Iskenderun's Mystic Bla  Conj/Tloc      11%        2d4       50%         4
 Agony                    Necr           3%         N/A       98%         5
 Silence                  Hex/Air        1%         N/A       98%         5


Dungeon Overview and Level Annotations

Branches:
Dungeon (3/15)

Altars:


Innate Abilities, Weirdness & Mutations

You cannot wear most types of armour.
You are amphibious.
You can wear up to eight rings at the same time.
Your skin changes colour to match your surroundings (Stealth+).
Your rubbery body absorbs attacks. (AC +1, EV +1)
((You are camouflaged when in or above water. (Stealth+)))
You have tentacles for arms and can constrict up to eight enemies at once.


Message History

Press: ? - help, Shift-Dir - straight line, f/p - worm
Aim: a worm (severely wounded, 92% to hit)
The searing ray hits the worm!
You kill the worm! (Press . to maintain the ray.)
An iguana comes into view.
The magic dart hits the iguana but does no damage.
The iguana hisses angrily.
The magic dart hits the iguana but does no damage.
Casting: Magic Dart (safe; 2% risk of failure)
Confirm with . or Enter, or press ? or * to list all spells.
You can't see any susceptible monsters within range! (Use Z to cast anyway.)
The magic dart hits the iguana!
The iguana is heavily wounded.
Casting: Magic Dart (safe; 2% risk of failure)
Confirm with . or Enter, or press ? or * to list all spells.
Aiming: Searing Ray (safe; 3% risk of failure)
Press: ? - help, Shift-Dir - straight line, f/p - iguana
Aim: an iguana (heavily wounded, 81% to hit)
The searing ray hits the iguana but does no damage.
The iguana is heavily wounded. (Press . to maintain the ray.)
There are no items here.
The searing ray hits the iguana.
The iguana is heavily wounded.
The searing ray hits the iguana.
The iguana is heavily wounded.
The searing ray hits the iguana but does no damage.
The iguana is heavily wounded.
You finish channelling your searing ray.
The iguana bites you!
You completely miss the iguana. You grab the iguana.
The iguana is heavily wounded.
You constrict the iguana, but do no damage.
The iguana bites you!
* * * LOW HITPOINT WARNING * * *
You hit the iguana but do no damage.
The iguana is heavily wounded.
You constrict the iguana. The iguana bites you.
You die...

.............#.# >..
.............#.. .#..
.............### .....
............#.P #..†.##
...........### #.#....
#####..#.....#.. #......
#............#P#
.......##.###........#..
.....!l@..###....(...###
...##.<.......#.#....#..
#.......###.#.......
..............#....###
...#[.....>###......# #
....#.......# #.......##
... #.......##..#.#.#...
.. #....)..##..#.#.....
#.###.###.....#.####


You could see an iguana.

Vanquished Creatures
  An adder (D:3)
  2 worms
  3 dart slugs
  An orc (D:3)
  7 ball pythons
  6 endoplasms
  4 hobgoblins
  2 quokkas (D:1)
  5 bats
  4 frilled lizards
  5 goblins
  3 kobolds
  5 rats
48 creatures vanquished.

Vanquished Creatures (others)
  4 fungi (D:3)
4 creatures vanquished.

Grand Total: 52 creatures vanquished

Notes
Turn   | Place    | Note
-------+----------+-------------------------------------------
     0 | D:1      | kingofthe the Octopode Conjurer began the quest for the
                  | Orb.
     0 | D:1      | Reached XP level 1. HP: 11/11 MP: 3/3
   291 | D:1      | Reached XP level 2. HP: 17/17 MP: 2/5
   344 | D:1      | Learned a level 2 spell: Searing Ray
   861 | D:1      | Reached XP level 3. HP: 21/21 MP: 3/7
  2131 | D:3      | Reached XP level 4. HP: 27/27 MP: 4/8
  2296 | D:3      | Found a faded altar of an unknown god.
  2477 | D:3      | Slain by an iguana

Illustrated notes

Levels and vault maps discovered:
D:1:      minmay_arrival_up_and_down, layout_loops_ring, minmay_tripent
D:2:      layout_rooms
D:3:      layout_rooms, shapermc_ecumenical_altar_mp_urbaneastern

Skill      XL: |  1  2  3 |
---------------+----------+-----
Spellcasting   | 3 |  3.3
Stealth        | 3 |  3.2
Dodging        | |  2.6
Conjurations   | |  4.2

Action                     |  1- 3 |  4- 6 || total
---------------------------+-------+-------++-------
  Melee: Short sword       |       |     4 ||     4
         Constrict         |       |     2 ||     2
         Tentacles         |       |     1 ||     1
   Cast: Magic Dart        |    84 |     9 ||    93
         Searing Ray       |     3 |     4 ||     7
  Dodge: Dodged            |     3 |       ||     3

Table legend: (Time is in decaauts)
 A = Elapsed time spent in this place.
 B = Non-inter-level travel time spent in this place.
 C = Inter-level travel time spent in this place.
 D = Time resting spent in this place.
 E = Time spent auto-exploring this place.
 F = Levels seen in this place.
 G = Mean time per level.
                   A        B        C        D        E       F      G
               +--------+--------+--------+--------+--------+-----+--------+
         Total |   2475 |   2388 |     87 |    106 |   2026 |   3 |  825.0 |
       Dungeon |   2475 |   2388 |     87 |    106 |   2026 |   3 |  825.0 |
               +--------+--------+--------+--------+--------+-----+--------+

Top non-repeatable levels by time:
     D:1: 1323 daAuts
     D:3: 627 daAuts
     D:2: 524 daAuts
